[Event "*** Titled Tuesday Blitz"]
[Site "Chess.com"]
[Date "2019.12.03"]
[Round "5"]
[White "Nancy11111"]
[Black "Tiqr777"]
[Result "0-1"]
[WhiteElo "2359"]
[BlackElo "2632"]
[TimeControl "180+2"]
[EndTime "14:03:49 PST"]
[Termination "Tiqr777 won by resignation"]

1. d4 g6 2. g3 Bg7 3. Bg2 d6 4. Nf3 c5 5. e3 cxd4 6. exd4 Nf6 7. O-O O-O 8. c3 Nc6 9. Re1 d5 10. b3 e6 11. Nbd2 Rb8 12. Ne5 Nxe5 13. dxe5 Nd7 14. f4 b5 15. Nf3 Re8 16. Nd4 Qc7 17.
Qd3 Nc5 18. Qe3 Ne4 19. Bxe4 dxe4 20. Ba3 Bf8 21. Bxf8 Rxf8 22. Qxe4 Bb7 23. Qe2 Qxc3 24. Qe3 Qc5 25. Rac1 Qd5 26. Re2 Rfd8 27. Nc2 Qh1+ 28.
Kf2 Qxh2+ 29. Ke1 Qh1+ 30. Kf2 Qh2+ 31. Ke1 Qh5 32. Nd4 a6 33. Rc5 Rbc8 34. b4 Qh1+ 35. Kd2 Rxc5 36. bxc5 Qd5 37. Kd3 Qc4+ 38. Kd2 Rxd4+ 39.
Ke1 Re4 40. Qd2 Rxe2+ 41. Qxe2 Qxc5 42. Kd1 Qd4+ 43. Kc1 Qa1+ 44. Kd2 Qxa2+ 45. Ke3 Qxe2+ 0-1

[Event "*** Titled Tuesday Blitz"]
[Site "Chess.com"]
[Date "2019.12.03"]
[Round "5"]
[White "misha_melnichuk"]
[Black "MateSchmate"]
[Result "1-0"]
[WhiteElo "2488"]
[BlackElo "2311"]
[TimeControl "180+2"]
[EndTime "14:03:51 PST"]
[Termination "misha_melnichuk won by checkmate"]

1. Nf3 Nf6 2. d4 d5 3. c4 e6 4. Nc3 Be7 5. Bf4 a6 6. e3 dxc4 7. Bxc4 b5 8. Bd3 Bb7 9. O-O Nbd7 10. Qc2 O-O 11. Ne5 c5 12. Nxd7 Qxd7 13. dxc5 Qc6 14. f3 Bxc5 15. Ne4 Be7 16. Nxf6+ Bxf6 17. Bxh7+ Kh8 18. Qb1 Bxb2 19. Be4 Qc3 20. Bxb7 Rad8 21. Bxa6 e5 22. Bg5 f6 23. Bh4 Bxa1 24. Qxa1 Qxe3+ 25. Bf2 Qd3 26. a4 Rd5 27. Bxb5 Qc2 28. Qb1 Qd2 29. Qg6 Rc8 30. Be8 Rc7 31. Bf7 e4 32. Bxd5 e3 33. Qh5# 1-0

[Event "*** Titled Tuesday Blitz"]
[Site "Chess.com"]
[Date "2019.12.03"]
[Round "5"]
[White "josiur"]
[Black "DeviatkinAndrey"]
[Result "0-1"]
[WhiteElo "2435"]
[BlackElo "2688"]
[TimeControl "180+2"]
[EndTime "14:03:53 PST"]
[Termination "DeviatkinAndrey won by checkmate"]

1. e4 c6 2. d4 d5 3. Nd2 h6 4. Ngf3 dxe4 5. Nxe4 Bf5 6. Ng3 Bh7 7. Bc4 Nd7 8. c3 e6 9. Qe2 Qc7 10. O-O Ngf6 11.
Re1 O-O-O 12. b4 g5 13. a4 Nb6 14. Bb3 Nbd5 15. Bd2 Bd6 16. Ne5 Nf4 17. Bxf4 gxf4 18.
Nh5 Ne4 19. Nxf4 Bxe5 20. dxe5 Qxe5 21. g3 Qxc3 22. Qc4 Qxc4 23. Bxc4 Rd4 24. Rac1 Nd2 25. Be2 Rxf4 26. gxf4 Rg8+ 27. Kh1 Be4+ 28. Bf3 Bxf3# 0-1

[Event "*** Titled Tuesday Blitz"]
[Site "Chess.com"]
[Date "2019.12.03"]
[Round "5"]
[White "nurgyulsalimova"]
[Black "Sankalp_Gupta2003"]
[Result "0-1"]
[WhiteElo "2538"]
[BlackElo "2770"]
[TimeControl "180+2"]
[EndTime "14:03:54 PST"]
[Termination "Sankalp_Gupta2003 won by resignation"]

1. e4 c5 2. Nf3 Nc6 3. d4 cxd4 4. Nxd4 Nf6 5. Nc3 e5 6. Ndb5 d6 7. Nd5 Nxd5 8. exd5 Nb8 9. Qf3 a6 10. Qa3 Be7 11. c4 O-O 12. Be3 Bf5 13. Nc3 Nd7 14.
Be2 Bg6 15. O-O f5 16. f4 Qc7 17. Rac1 Rae8 18. Kh1 Bf6 19. Rfe1 exf4 20. Bxf4 Be5 21. Bxe5 Nxe5 22. b3 f4 23. c5 dxc5 24. Na4 b6 25. b4 c4 26. Nb2 b5 27. Qxa6 c3 28. Qxb5 f3 29. d6 fxg2+ 30. Kxg2 Be4+ 31. Kg3 Qxd6 32. Rxc3 Nd3+ 0-1

[Event "*** Titled Tuesday Blitz"]
[Site "Chess.com"]
[Date "2019.12.03"]
[Round "5"]
[White "nau64"]
[Black "ChessBitl"]
[Result "0-1"]
[WhiteElo "2236"]
[BlackElo "2379"]
[TimeControl "180+2"]
[EndTime "14:03:54 PST"]
[Termination "ChessBitl won by resignation"]

1. d4 d5 2. c4 dxc4 3. Nf3 Nf6 4. Nc3 a6 5. a4 Nc6 6. e3 Na5 7. Ne5 Be6 8. f4 g6 9. Be2 Bg7 10. O-O O-O 11. g4 Nd5 12. f5 Nxc3 13. bxc3 Bd5 14. Qc2 Nb3 15. Rb1 b5 16. e4 Bb7 17.
Bf4 Nxd4 18. cxd4 Qxd4+ 19. Rf2 Bxe4 20. Qc1 Bxe5 21. Be3 Qd5 22. Ra1 Kh8 23. Ra3 gxf5 24. axb5 axb5 25. Rxa8 Rxa8 26. Rf1 Bh1 0-1

[Event "*** Titled Tuesday Blitz"]
[Site "Chess.com"]
[Date "2019.12.03"]
[Round "5"]
[White "Dr-Bassem"]
[Black "SerGo055"]
[Result "0-1"]
[WhiteElo "2717"]
[BlackElo "2536"]
[TimeControl "180+2"]
[EndTime "14:03:56 PST"]
[Termination "SerGo055 won by resignation"]

1. Nf3 Nf6 2. g3 d5 3. Bg2 Bf5 4. O-O e6 5. d3 h6 6. Nbd2 Be7 7. b3 O-O 8. Bb2 c5 9. Ne5 Nbd7 10. e4 dxe4 11.
dxe4 Bh7 12. Nd3 Qc7 13. Qe2 Rfd8 14. Rfe1 Rac8 15. e5 Nd5 16. Bxd5 exd5 17. e6 Nf6 18. exf7+ Kxf7 19. Qe6+ Kf8 20. Ne5 Bd6 21. Ndf3 Re8 22.
Qh3 Be4 23. Rxe4 dxe4 24. Nh4 Bxe5 25. Ng6+ Kf7 26. Nxe5+ Rxe5 27. Bxe5 Qxe5 0-1

[Event "*** Titled Tuesday Blitz"]
[Site "Chess.com"]
[Date "2019.12.03"]
[Round "5"]
[White "WeAintSurePal"]
[Black "xamax2000"]
[Result "0-1"]
[WhiteElo "2372"]
[BlackElo "2555"]
[TimeControl "180+2"]
[EndTime "14:04:05 PST"]
[Termination "xamax2000 won by resignation"]

1. Nf3 d5 2. c4 d4 3. e3 Nc6 4. exd4 Nxd4 5. Nxd4 Qxd4 6. Be2 Nh6 7. d3 g6 8. Nc3 c6 9. Be3 Qd8 10. O-O Nf5 11.
Bc5 Bg7 12. Bf3 O-O 13. Re1 Re8 14.
Rc1 e5 15. Ne4 b6 16. Ba3 Bb7 17. b4 a5 18. bxa5 Rxa5 19. Bb4 Rxa2 20. c5 bxc5 21. Nxc5 Ba8 22. Nb3 Qb6 23. Bc5 Qb5 24. Be4 Ne7 25. Bxe7 Rxe7 26. Ra1 Rea7 27. Rxa2 Rxa2 28. d4 exd4 29.
Nxd4 Qb2 30. Ne2 Bf6 31. Bb1 Ra1 32. Ng3 Bd4 33. Re8+ Kg7 34. Re1 Bxf2+ 0-1

[Event "*** Titled Tuesday Blitz"]
[Site "Chess.com"]
[Date "2019.12.03"]
[Round "5"]
[White "SHIVACalypso"]
[Black "Fiona"]
[Result "1-0"]
[WhiteElo "2281"]
[BlackElo "2030"]
[TimeControl "180+2"]
[EndTime "14:04:09 PST"]
[Termination "SHIVACalypso won by checkmate"]

1. Nf3 d6 2. c4 e5 3. Nc3 f5 4. d3 Nf6 5. g3 Be7 6. Bg2 c6 7.
O-O O-O 8. Rb1 Qe8 9. b4 Qh5 10. Qb3 Kh8 11. c5 e4 12. dxe4 fxe4 13. cxd6 Bxd6 14. Ng5 Na6 15. Ncxe4 Bxb4 16. Nxf6 Rxf6 17. Bf3 Bg4 18. Bxg4 Qxg4 19. a3 Bc5 20. Qd3 Qh5 21. Rxb7 Raf8 22. Be3 h6 23. Bxc5 Nxc5 24. Qh7# 1-0

[Event "*** Titled Tuesday Blitz"]
[Site "Chess.com"]
[Date "2019.12.03"]
[Round "5"]
[White "Jbd735"]
[Black "ChessWarrior7197"]
[Result "0-1"]
[WhiteElo "2424"]
[BlackElo "2909"]
[TimeControl "180+2"]
[EndTime "14:04:11 PST"]
[Termination "ChessWarrior7197 won by resignation"]

1. d4 Nf6 2. Nf3 d5 3. c3 Bf5 4. e3 c5 5. dxc5 a5 6. Ne5 Qc7 7. Bb5+ Nc6 8. Qa4 Rc8 9. f4 Nd7 10. Nxd7 Bxd7 11. b4 e5 12. O-O Be7 13. Nd2 O-O 14. Nf3 exf4 15. exf4 Bf6 16. Bxc6 Bxc6 17. Qxa5 Qxa5 18. bxa5 Bxc3 19. Rb1 Ra8 20. Bb2 Bxb2 21.
Rxb2 Rxa5 22. Rc1 Rfa8 23. Rcc2 Ra4 24. g3 f6 25. Kf2 R8a5 26. Ke3 Re4+ 27. Kd2 Kf7 28.
Rc3 Rea4 29. Rcc2 d4 30. Ne1 Be4 31. Nd3 Ra3 32. Rb3 Rxa2 33. Rxa2 Rxa2+ 34. Ke1 Rxh2 35. Nf2 Bc6 36. Rd3 Rg2 37. g4 Rg1+ 38. Kd2 Rf1 39. Ke2 Rc1 40. Kd2 Rxc5 41. Rxd4 Rd5 42. Ke3 Rxd4 43.
Kxd4 g6 44. Nd3 h5 45. g5 fxg5 46. fxg5 Ke6 0-1

[Event "*** Titled Tuesday Blitz"]
[Site "Chess.com"]
[Date "2019.12.03"]
[Round "5"]
[White "joshdaruca"]
[Black "laboratorio25"]
[Result "1-0"]
[WhiteElo "2705"]
[BlackElo "2442"]
[TimeControl "180+2"]
[EndTime "14:04:12 PST"]
[Termination "joshdaruca won by resignation"]

1. Nf3 Nf6 2. g3 e6 3. Bg2 d5 4. O-O c5 5. c4 d4 6. e3 Nc6 7.
exd4 cxd4 8. d3 Be7 9. Na3 O-O 10. Nc2 a5 11. Re1 Re8 12. b3 Bc5 13. a3 Bd7 14. Rb1 Qe7 15. Qd2 Rad8 16. b4 axb4 17. axb4 Bb6 18. Ba3 Nb8 19. Nfxd4 Bc6 20. Nxc6 bxc6 21. d4 Qa7 22. Bb2 Rd7 23. Ra1 Qb7 24. b5 Qc8 25. Qb4 c5 26. dxc5 Bxc5 27. Qc3 Red8 28. Re2 Rd3 29. Qe5 Nbd7 30. Qg5 h6 31. Qh4 Rb3 32.
Nd4 Bxd4 33. Bxd4 Qxc4 34. Bxf6 Qxe2 35. Bxd8 Qxb5 36. Qe4 g6 37. Ba5 Nc5 38. Qa8+ Kg7 39. Bd2 Rb1+ 40. Rxb1 Qxb1+ 41. Bf1 Nb3 42. Bc3+ f6 43.
Qb7+ Kg8 44. Bxf6 1-0

[Event "*** Titled Tuesday Blitz"]
[Site "Chess.com"]
[Date "2019.12.03"]
[Round "5"]
[White "Winehouse83"]
[Black "Chempiblinka"]
[Result "0-1"]
[WhiteElo "2527"]
[BlackElo "2355"]
[TimeControl "180+2"]
[EndTime "14:04:14 PST"]
[Termination "Chempiblinka won by resignation"]

1. d4 Nf6 2. c4 c5 3. d5 e6 4. Nc3 exd5 5. cxd5 d6 6. Nf3 a6 7. a4 g6 8. Bf4 Bg7 9. h3 O-O 10. e3 Qc7 11. Nd2 Nh5 12. Bh2 Nd7 13. Be2 Nhf6 14. Nc4 Ne8 15. Ne4 Ne5 16. Bxe5 Bxe5 17. Nxe5 dxe5 18.
d6 Qd8 19. Qd5 Qa5+ 20. Nc3 Be6 21. Qxe5 Rd8 22. Rd1 Qb4 23. O-O Qxb2 24. Rb1 Qa3 25. Ne4 Bf5 26. Ra1 Qb4 27. Nxc5 Nxd6 28. e4 Bxe4 29.
Rfd1 Rfe8 30. Qg5 h6 31. Qc1 Bxg2 32. Kxg2 Rxe2 33. Rb1 Qh4 34. Rf1 Nf5 35. Rb3 Rdd2 36. Nd7 Rxf2+ 0-1

[Event "*** Titled Tuesday Blitz"]
[Site "Chess.com"]
[Date "2019.12.03"]
[Round "5"]
[White "sergoy"]
[Black "Faustregel"]
[Result "0-1"]
[WhiteElo "2896"]
[BlackElo "2749"]
[TimeControl "180+2"]
[EndTime "14:04:15 PST"]
[Termination "Faustregel won by resignation"]

1. d4 f5 2. c4 Nf6 3. Nf3 g6 4.
Nc3 Bg7 5. b4 O-O 6. e3 d6 7.
Bb2 a5 8. b5 Nbd7 9. Be2 e5 10.
O-O Qe7 11. a4 e4 12. Nd2 Nb6 13. Ba3 Rd8 14. Rc1 Be6 15. Qc2 Rac8 16. d5 Bf7 17. Nb3 Ra8 18. Nd4 Nfd7 19. Rfd1 Nc5 20. Re1 Nbd7 21.
Nb3 Nxb3 22. Qxb3 g5 23. Bf1 Be5 24. Qc2 Qf6 25. Ne2 Rf8 26. Nd4 Rfe8 27. Bb2 f4 28.
exf4 gxf4 29. Ba1 Bxd4 30. Bxd4 Qxd4 31. Rcd1 Qe5 32. g3 Bh5 33. Rb1 Bf3 34. Rb3 Qh5 35. Bg2 Bxg2 36. Kxg2 f3+ 37. Kh1 Qh3 38. Rg1 Ne5 0-1

[Event "*** Titled Tuesday Blitz"]
[Site "Chess.com"]
[Date "2019.12.03"]
[Round "5"]
[White "chessdjw"]
[Black "petincash"]
[Result "1-0"]
[WhiteElo "2668"]
[BlackElo "2422"]
[TimeControl "180+2"]
[EndTime "14:04:15 PST"]
[Termination "chessdjw won by resignation"]

1. c4 Nf6 2. Nc3 g6 3. e4 d6 4. d4 Bg7 5. h3 O-O 6. Be3 e5 7. d5 a5 8. g4 Na6 9. Nge2 Nd7 10. h4 Ndc5 11. Ng3 c6 12. h5 cxd5 13. cxd5 Bd7 14. Qd2 Qb6 15. Be2 a4 16. Kf1 Qa5 17. Bh6 Bh8 18. Nf5 Bxf5 19. gxf5 Qb4 20. hxg6 fxg6 21.
Bxf8 Rxf8 22. Qh6 Rf7 23. fxg6 Rg7 24. gxh7+ Kf8 25. Qxd6+ Re7 26. Rh5 Qxb2 27. Rf5+ Ke8 28. Bh5+ 1-0

[Event "*** Titled Tuesday Blitz"]
[Site "Chess.com"]
[Date "2019.12.03"]
[Round "5"]
[White "Aygehovit1992"]
[Black "TigranLPetrosyan"]
[Result "0-1"]
[WhiteElo "2631"]
[BlackElo "2880"]
[TimeControl "180+2"]
[EndTime "14:04:19 PST"]
[Termination "TigranLPetrosyan won on time"]

1. e4 c5 2. Nc3 Nc6 3. Bb5 Nd4 4. Nf3 Nxb5 5. Nxb5 d6 6. d4 Nf6 7. O-O Nxe4 8. Re1 a6 9. Rxe4 axb5 10. dxc5 dxc5 11.
Qe2 Bd7 12. Bg5 Bc6 13. Re3 f6 14. Rd1 Qa5 15. Bxf6 gxf6 16. Ne5 h5 17. Qd3 Rh6 18.
Nxc6 bxc6 19. Qd7+ Kf7 20. Qe6+ Kg7 21. Rg3+ Rg6 22. Rdd3 Qxa2 23. Rxg6+ Kxg6 24. Rg3+ Kh6 25. Qe3+ Kh7 26. Qe4+ Kh8 27. h4 Qf7 28. Rg6 Ra1+ 29. Kh2 Ra4 30. Qf5 Rxh4+ 31. Kg1 Qd5 0-1

[Event "*** Titled Tuesday Blitz"]
[Site "Chess.com"]
[Date "2019.12.03"]
[Round "5"]
[White "Indianlad"]
[Black "sergeikim"]
[Result "1-0"]
[WhiteElo "2886"]
[BlackElo "2493"]
[TimeControl "180+2"]
[EndTime "14:04:19 PST"]
[Termination "Indianlad won on time"]

1. c4 e5 2. Nc3 Nc6 3. Nf3 Nf6 4. e4 Bb4 5. d3 Bxc3+ 6. bxc3 h6 7. Be2 O-O 8. h3 d6 9. g4 Nh7 10. g5 hxg5 11.
Rg1 f6 12. h4 g4 13. Nh2 f5 14. exf5 Bxf5 15. Be3 Qxh4 16. Nxg4 Rae8 17. Qd2 Bxg4 18. Bxg4 Rf6 19. O-O-O Ref8 20. f3 Rg6 21. Rh1 Qe7 22.
Rdg1 Nd8 23. Qh2 Ng5 24. Qh5 Qf6 25. Kb2 Ndf7 26. Qh2 Rh6 27. Qg2 Rxh1 28. Rxh1 Re8 29. Rf1 Ne6 30. Re1 Nf4 31. Bxf4 Qxf4 32. Bh5 Kf8 33.
Rg1 Qf6 34. Qh3 d5 35. Rg6 Qf4 36. Qg2 1-0

[Event "*** Titled Tuesday Blitz"]
[Site "Chess.com"]
[Date "2019.12.03"]
[Round "5"]
[White "politeplayer"]
[Black "SONOFHOLYGOD"]
[Result "0-1"]
[WhiteElo "2233"]
[BlackElo "2519"]
[TimeControl "180+2"]
[EndTime "14:04:19 PST"]
[Termination "SONOFHOLYGOD won by resignation"]

1. e4 c5 2. d4 cxd4 3. c3 dxc3 4.
Nxc3 a6 5. Nf3 e6 6. Bc4 d6 7.
O-O Be7 8. Qe2 Nd7 9. Rd1 Qa5 10.
Bd2 Qh5 11. Rac1 Ngf6 12. h3 O-O 13. Bf4 e5 14. Bg3 Nc5 15. b4 Ne6 16. Nd5 Nxd5 17. exd5 Ng5 18. Nxe5 Qxe2 19. Bxe2 dxe5 20. d6 Bf6 21. d7 Ne4 22. dxc8=Q Raxc8 23. Bf3 Nxg3 24.
fxg3 Rxc1 25. Rxc1 b6 26. Rc7 a5 27. bxa5 bxa5 28.
Ra7 e4 29. Rxa5 Bd4+ 30. Kf1 exf3 31. gxf3 Rb8 32. Ke2 g6 33. Kd3 Bf2 34. g4 Re8 35. a4 Re3+ 36. Kc4 Rxf3 37. Ra8+ Kg7 38. a5 Rxh3 39.
a6 Rh4 40. Kd5 Rxg4 41. Rc8 Ra4 0-1

[Event "*** Titled Tuesday Blitz"]
[Site "Chess.com"]
[Date "2019.12.03"]
[Round "5"]
[White "LonesomeGeorge1"]
[Black "Zq1"]
[Result "0-1"]
[WhiteElo "2323"]
[BlackElo "2532"]
[TimeControl "180+2"]
[EndTime "14:04:22 PST"]
[Termination "Zq1 won by resignation"]

1. e4 c5 2. Nf3 d6 3. Bb5+ Bd7 4. Bxd7+ Nxd7 5. O-O Ngf6 6. Qe2 e6 7. c3 Be7 8. d4 O-O 9. Rd1 cxd4 10. cxd4 d5 11.
e5 Ne4 12. Ne1 h6 13. f3 Ng5 14. Nc3 Rc8 15. Be3 a6 16. Nd3 b5 17. a3 Nb6 18. Rdc1 Nc4 19. Nd1 Nxe3 20. Nxe3 Qb6 21.
Nc2 f6 22. b4 Rxc2 23. Qxc2 Qxd4+ 24. Kh1 fxe5 25. Nc5 e4 26. fxe4 Bxc5 27. Qxc5 Qxe4 28. Re1 Qf5 29. Qe3 Ne4 30. h3 Qg6 31. Kh2 Rf2 32.
Rg1 Qf6 33. Qd3 Qe5+ 34. Kh1 Ng3+ 35. Kh2 Nf1+ 0-1

[Event "*** Titled Tuesday Blitz"]
[Site "Chess.com"]
[Date "2019.12.03"]
[Round "5"]
[White "black_pawn_16"]
[Black "j2806"]
[Result "1-0"]
[WhiteElo "2148"]
[BlackElo "1910"]
[TimeControl "180+2"]
[EndTime "14:04:27 PST"]
[Termination "black_pawn_16 won on time"]

1. e4 c5 2. Nc3 Nc6 3. f4 g6 4. Nf3 Bg7 5. Bb5 Nd4 6. Bc4 e6 7. e5 d5 8. Nxd4 cxd4 9. Bb5+ Bd7 10. Bxd7+ Qxd7 11. Ne2 d3 12. cxd3 Ne7 13. O-O O-O 14. b3 Nc6 15. Bb2 f6 16. d4 fxe5 17. dxe5 Rf7 18.
Nc1 Bh6 19. Nd3 b6 20. Qg4 Raf8 21. g3 Bg7 22. Rac1 Rc8 23. Rc2 Rff8 24. Rfc1 Ne7 25. Rxc8 Rxc8 26. Rxc8+ Qxc8 27. Qd1 Nf5 28. Qc1 Qxc1+ 29.
Bxc1 Nd4 30. Kf2 Bf8 31. Bb2 Nc6 32. Kf3 Kf7 33. g4 Ke7 34. Ba3+ Kf7 35. Bxf8 Kxf8 36. f5 gxf5 37. gxf5 exf5 38. Kf4 Nd4 39. Nb4 Kf7 40.
Nxd5 Ke6 41. Nc7+ Kd7 42. Nd5 Ke6 43. Nc3 Nc2 44. Nb5 Nb4 45. d4 Nd3+ 46. Ke3 Nb4 47. Nc3 1-0

[Event "*** Titled Tuesday Blitz"]
[Site "Chess.com"]
[Date "2019.12.03"]
[Round "5"]
[White "BlueWizzard"]
[Black "GulamaliRises"]
[Result "1-0"]
[WhiteElo "2743"]
[BlackElo "2486"]
[TimeControl "180+2"]
[EndTime "14:04:30 PST"]
[Termination "BlueWizzard won by resignation"]

1. d4 Nf6 2. Nc3 d5 3. Bf4 a6 4. e3 e6 5. g4 Bd6 6. Bg3 Qe7 7. g5 Nfd7 8. Bxd6 Qxd6 9. h4 c5 10. Nf3 Nc6 11. Qd2 b5 12. Ne2 Bb7 13. h5 O-O-O 14. Bh3 c4 15. c3 Kb8 16. b3 h6 17. g6 fxg6 18. hxg6 Rhf8 19. Nf4 e5 20. Bxd7 exf4 21. Bxc6 Bxc6 22. Ne5 Bd7 23. exf4 Bf5 24. Rg1 Be4 25. f3 Bd3 26. a4 b4 27. cxb4 Rde8 28. O-O-O a5 29.
Nxd3 cxd3 30. bxa5 Rc8+ 31. Kb1 Qa3 32. Qb2 Qxb2+ 33.
Kxb2 Rc2+ 34. Ka3 Rc3 35. Kb4 1-0

[Event "*** Titled Tuesday Blitz"]
[Site "Chess.com"]
[Date "2019.12.03"]
[Round "5"]
[White "Kostya_Nikologorskiy"]
[Black "Micki-taryan"]
[Result "0-1"]
[WhiteElo "2649"]
[BlackElo "2990"]
[TimeControl "180+2"]
[EndTime "14:04:34 PST"]
[Termination "Micki-taryan won by resignation"]

1. d4 Nf6 2. c4 e6 3. Nf3 c5 4. d5 exd5 5. cxd5 d6 6. Nc3 g6 7. e4 Bg7 8. h3 O-O 9. Bd3 Na6 10. O-O Re8 11. Re1 Nc7 12. a4 Nd7 13. Bg5 f6 14. Bh4 Rb8 15. Qd2 b6 16. Nb5 Nxb5 17. axb5 Rb7 18. g4 Qe7 19. Bg3 Ne5 20. Be2 Qf7 21.
Nh4 Rbe7 22. f4 Nd7 23. Bf3 Nf8 24. f5 Rd8 25. Ng2 Nd7 26. Bxd6 Ne5 27. Bxe5 Rxe5 28. Ne3 Bh6 29. Qd3 Kh8 30. Nc4 Re7 31. d6 Bf4 32.
Rad1 Ree8 33. Bg2 Bd7 34. Ne3 Be5 35. Bf1 gxf5 36. exf5 Bd4 37. Bg2 Re5 38. Kh1 Rde8 39. Nc2 Rxe1+ 40. Rxe1 Rxe1+ 41. Nxe1 Qf8 42. Nf3 Qxd6 43.
Nxd4 cxd4 44. Qe4 d3 45. Bf3 d2 46. Qc2 Kg7 47. Bc6 d1=Q+ 0-1

[Event "*** Titled Tuesday Blitz"]
[Site "Chess.com"]
[Date "2019.12.03"]
[Round "5"]
[White "Mikhail_Golubev"]
[Black "Lovkov_Roman"]
[Result "1-0"]
[WhiteElo "2621"]
[BlackElo "2757"]
[TimeControl "180+2"]
[EndTime "14:04:35 PST"]
[Termination "Mikhail_Golubev won by resignation"]

1. e4 e5 2. Nf3 Nc6 3. Nc3 Nf6 4. d4 exd4 5. Nxd4 Bb4 6. Nxc6 bxc6 7. Bd3 d5 8. Bd2 O-O 9. O-O Re8 10. Nxd5 cxd5 11.
Bxb4 Rb8 12. Bc3 d4 13. Ba5 Nxe4 14. Re1 Bf5 15. Qf3 Qd5 16. Bxc7 Rxb2 17. Re2 Bg6 18. Rae1 f5 19. g4 Qd7 20. gxf5 Ng5 21. Rxe8+ Bxe8 22. Bc4+ Kf8 23. Qa8 Rxc2 24. Bd6+ 1-0

[Event "*** Titled Tuesday Blitz"]
[Site "Chess.com"]
[Date "2019.12.03"]
[Round "5"]
[White "Kumi29"]
[Black "Aleksandr_Kozak"]
[Result "0-1"]
[WhiteElo "2469"]
[BlackElo "2291"]
[TimeControl "180+2"]
[EndTime "14:04:37 PST"]
[Termination "Aleksandr_Kozak won by resignation"]

1. d4 d5 2. Nc3 f5 3. e4 dxe4 4. f3 e5 5. fxe4 exd4 6. exf5 dxc3 7. Qh5+ Kd7 8. Bc4 Qe8+ 9. Be6+ Kd8 10. Bg5+ Nf6 11.
O-O-O+ Bd6 12. Qh3 cxb2+ 13. Kb1 Bxe6 14. fxe6 Nc6 15.
Nf3 Kc8 16. Rhe1 a5 17. Qf5 a4 18. Nd2 Ra5 19. Qh3 Rxg5 20. Nc4 Kb8 21. Qe3 Qg6 22.
Rxd6 cxd6 23. Nxd6 Re5 24. Qf2 Ng4 25. Qg3 Qxe6 26.
Rxe5 Qxe5 27. Qxg4 Qxd6 28. Qxg7 Qd1+ 29. Kxb2 Qd4+ 0-1

[Event "*** Titled Tuesday Blitz"]
[Site "Chess.com"]
[Date "2019.12.03"]
[Round "5"]
[White "Quiet_Desperation"]
[Black "Alexander_Moskalenko"]
[Result "0-1"]
[WhiteElo "2487"]
[BlackElo "2830"]
[TimeControl "180+2"]
[EndTime "14:04:38 PST"]
[Termination "Alexander_Moskalenko won on time"]

1. e4 e5 2. Nf3 Nc6 3. Bc4 Bc5 4. c3 Nf6 5. d3 O-O 6. O-O a6 7. Bb3 Ba7 8. Qe2 h6 9. Rd1 Re8 10. Nbd2 d6 11. h3 Ne7 12. Nf1 Ng6 13. Ng3 Be6 14. Bxe6 fxe6 15. d4 exd4 16. cxd4 e5 17. Qc4+ Kh7 18.
dxe5 Nxe5 19. Nxe5 Rxe5 20. Bf4 Rc5 21. Qd3 Kh8 22.
b4 Rb5 23. Rab1 Nh5 24. Nxh5 Rxh5 25. e5 Qf8 26. Qg6 Rf5 27. Bg3 dxe5 28. Rd7 Bxf2+ 29. Bxf2 Rxf2 30. Rbd1 Rf6 31. Qg3 Rd6 32. Qxe5 Rxd1+ 33. Rxd1 Qf7 34. Rc1 c6 35. Rf1 Qxa2 36. Rd1 Qf7 37.
Rf1 Qd7 38. Rf3 Re8 39. Qb2 Qd1+ 40. Kh2 Qd6+ 41. Rg3 Qe5 42. Qc2 Qf6 43. Qd3 Rd8 44. Qe4 Rf8 45. Qc4 Qd6 46. Qc3 Rf6 47. Qe3 Rg6 0-1

[Event "*** Titled Tuesday Blitz"]
[Site "Chess.com"]
[Date "2019.12.03"]
[Round "5"]
[White "Triumphmate"]
[Black "Donseng"]
[Result "1-0"]
[WhiteElo "2387"]
[BlackElo "2534"]
[TimeControl "180+2"]
[EndTime "14:04:38 PST"]
[Termination "Triumphmate won by checkmate"]

1. e4 c5 2. Nf3 Nc6 3. d4 cxd4 4. Nxd4 Nf6 5. Nc3 d6 6. f4 Qb6 7. Nf3 e6 8. Bd3 Be7 9. Qe2 O-O 10. Rb1 a6 11. Be3 Qc7 12. O-O b5 13. a3 Bb7 14.
Rbe1 Na5 15. Nd2 Rfe8 16. Bd4 e5 17. fxe5 dxe5 18. Be3 Rad8 19. Rf2 Bc5 20. Nd1 Nc4 21. Bxc4 bxc4 22. Qxc4 Rxd2 23. Rxd2 Bxe3+ 24. Nxe3 Qb6 25. Qb4 Qa7 26. Rd6 Nxe4 27. Rd7 Nc5 28. Rc7 Rc8 29. Rxc8+ Bxc8 30. Rd1 Ne6 31. Qc3 Qb8 32. Qc6 g6 33. Qe8+ Kg7 34. Rd7 Ng5 35. Rd8 Qxb2 36. Qf8+ Kf6 37. h4 Qc1+ 38. Kf2 Ne4+ 39. Kf3 Bb7 40. Qh8+ Ke7 41. Qe8+ Kf6 42. Ng4+ Kf5 43. Qxe5# 1-0

[Event "*** Titled Tuesday Blitz"]
[Site "Chess.com"]
[Date "2019.12.03"]
[Round "5"]
[White "chessasuke"]
[Black "NemtsevIgor"]
[Result "1-0"]
[WhiteElo "2622"]
[BlackElo "2320"]
[TimeControl "180+2"]
[EndTime "14:04:38 PST"]
[Termination "chessasuke won by resignation"]

1. e4 c6 2. d4 d5 3. Nc3 h6 4. Nf3 Nf6 5. e5 Ne4 6. Bd3 Bf5 7. Nh4 Nxc3 8. bxc3 Bxd3 9. cxd3 e6 10. g3 Be7 11.
Ng2 c5 12. dxc5 Bxc5 13. O-O O-O 14. Qg4 Kh8 15. Nf4 Qg5 16. Qe2 Qf5 17. g4 Qh7 18. Rb1 Bb6 19. Ba3 Re8 20. Bd6 Nc6 21. Kg2 Rac8 22.
Nh5 Ne7 23. Rb3 Ng6 24. f4 Bc7 25. Rxb7 Bxd6 26. exd6 Rxc3 27. Rxf7 Nh4+ 28. Kh1 Qxd3 29. Qxd3 Rxd3 30. d7 Rd8 31. Nxg7 Re3 32. Re7 Kh7 33. Nxe6+ Kg6 34. f5+ Kf6 35. Rh7 Rxe6 36. Rxh6+ Kg5 37. Rxe6 Rxd7 38. f6 Ng6 39. f7 Nf8 40. Re8 1-0

[Event "*** Titled Tuesday Blitz"]
[Site "Chess.com"]
[Date "2019.12.03"]
[Round "5"]
[White "vlad10898"]
[Black "Elyon2000"]
[Result "1-0"]
[WhiteElo "2690"]
[BlackElo "2379"]
[TimeControl "180+2"]
[EndTime "14:04:41 PST"]
[Termination "vlad10898 won by resignation"]

1. e4 c5 2. Nf3 Nc6 3. d4 cxd4 4. Nxd4 Nf6 5. Nc3 e5 6. Ndb5 d6 7. Bg5 a6 8. Na3 b5 9. Bxf6 gxf6 10. Nd5 f5 11. Bd3 Be6 12. O-O Bxd5 13. exd5 Ne7 14.
Nxb5 Bg7 15. Nc3 O-O 16. Qh5 e4 17. Bc4 Qc8 18. Bb3 Bxc3 19. bxc3 Ng6 20. Ba4 f4 21. Bc6 Rb8 22. Rae1 f5 23. f3 e3 24. g3 Kh8 25.
gxf4 Nxf4 26. Qh6 Ng6 27. Rxe3 Rb2 28. Rfe1 Rb8 29. Re7 Nxe7 30. Rxe7 Rf7 31. Re8+ Qxe8 32. Bxe8 Rxe8 33. Qxd6 Kg7 34. Kf2 Rfe7 35. Qxa6 Re1 36.
d6 Rh1 37. d7 1-0

[Event "*** Titled Tuesday Blitz"]
[Site "Chess.com"]
[Date "2019.12.03"]
[Round "5"]
[White "Sunrise777"]
[Black "PavelChernomordik"]
[Result "1/2-1/2"]
[WhiteElo "2699"]
[BlackElo "2460"]
[TimeControl "180+2"]
[EndTime "14:04:48 PST"]
[Termination "Game drawn by agreement"]

1. d4 g6 2. c4 Bg7 3. Nc3 d6 4. e4 c6 5. Be3 a6 6. a4 a5 7. Qd2 Na6 8. h4 h6 9. Nge2 Nb4 10. Na2 Nxa2 11. Rxa2 Nf6 12. f3 Nd7 13. Ng3 h5 14. Ra3 e5 15. Ne2 b6 16. Rd3 Qc7 17. b3 Ba6 18. d5 c5 19. g4 hxg4 20. fxg4 Nf6 21. Bg2 Nxg4 22. Bg5 f6 23. Rg3 Bc8 24. Be3 Nxe3 25.
Qxe3 Bh6 26. Qg1 Qh7 27. Bf3 Kf7 28. Nc3 Bd7 29. h5 g5 30. Bg4 Ke7 31. Bxd7 Kxd7 32. Qf2 Raf8 33. Qf5+ Qxf5 34. exf5 1/2-1/2

[Event "*** Titled Tuesday Blitz"]
[Site "Chess.com"]
[Date "2019.12.03"]
[Round "5"]
[White "MaestroASK"]
[Black "wild_cat99"]
[Result "0-1"]
[WhiteElo "2536"]
[BlackElo "2408"]
[TimeControl "180+2"]
[EndTime "14:04:50 PST"]
[Termination "wild_cat99 won on time"]

1. g3 Nf6 2. Bg2 d5 3. d3 g6 4. e4 dxe4 5. dxe4 Qxd1+ 6. Kxd1 e5 7. f3 h5 8. h4 Be6 9. Bh3 Bc4 10. Nd2 Bb5 11. a4 Bc6 12. Nc4 Nbd7 13. c3 Bc5 14. Ke2 b5 15. Na5 Nb8 16. Nxc6 Nxc6 17. axb5 Ne7 18. b4 Bb6 19. Be3 O-O 20. c4 Bd4 21. Bxd4 exd4 22. e5 Ne8 23. f4 Ng7 24. Bg2 Rae8 25.
Rxa7 f6 26. Nf3 Nef5 27. Kf2 Ne3 28. exf6 Ng4+ 29. Kf1 Nf5 30. Rh3 Nfe3+ 31. Kg1 Nxg2 32. Kxg2 Re2+ 33. Kg1 d3 34. Ra1 d2 35. Rh1 Rfe8 36.
Rd1 Re1+ 37. Kg2 Ne3+ 38. Kh3 Nxd1 39. Nxe1 Rxe1 40. Rxe1 dxe1=Q 0-1